 Dungeon Crawl Stone Soup version 0.20.1-1-g8b1a95d (webtiles) character file.

53 vishdafish the Skirmisher (level 3, -7/29 HPs)
             Began as a Demonspawn Fighter on July 14, 2017.
             Mangled by Sigmund
             ... wielding a +2 scythe of venom
              (11 damage)
             ... on level 2 of the Dungeon.
             The game lasted 00:01:02 (912 turns).

vishdafish the Skirmisher (Demonspawn Fighter)       Turns: 912, Time: 00:01:02

Health: -7/29      AC:  8    Str: 17    XL:     3   Next: 62%
Magic:  3/3        EV:  5    Int:  9    God:
Gold:   52         SH:  9    Dex: 12    Spells: 2/2 levels left

rFire    x . .     SeeInvis .   a - +0 trident
rCold    + . .     Gourm    .   c - +0 shield
rNeg     . . .     Faith    .   b - +0 scale mail
rPois    .         Spirit   .   (no helmet)
rElec    .         Reflect  .   (no cloak)
rCorr    .         Harm     .   (no gloves)
MR       .....                  (no boots)
Stlth    ..........             (no amulet)
Regen    0.1/turn               g - ring of ice
MPRegen  0.1/turn               m - -2 ring of evasion (curse)

@: lethally poisoned (-7 -> -19)
A: thin metallic scales 1
a: no special abilities


You were on level 2 of the Dungeon.
You were not hungry.

You visited 1 branch of the dungeon, and saw 2 of its levels.

You collected 52 gold pieces.

Inventory:

Hand Weapons
 a - a +0 trident (weapon)
Armour
 b - a +0 scale mail (worn)
 c - a +0 shield (worn)
Jewellery
 g - a ring of ice (left hand)
 m - a cursed -2 ring of evasion (right hand)
Scrolls
 i - a scroll of recharging
Potions
 d - a potion of might
 e - a potion of haste {unknown}
 h - a potion of berserk rage {unknown}
 j - a potion of ambrosia {unknown}
 k - a potion of curing {unknown}
Comestibles
 f - a bread ration
 l - 2 meat rations


   Skills:
 + Level 3.3 Fighting
 + Level 2.5 Polearms
 + Level 3.0 Armour
 + Level 0.8 Dodging
 + Level 3.0 Shields


You had 2 spell levels left.
You didn't know any spells.

Dungeon Overview and Level Annotations

Branches:
Dungeon (2/15)

Altars:

Annotations:
D:2 Sigmund


Innate Abilities, Weirdness & Mutations

You are partially covered in thin metallic scales. (AC +2)


Message History

No target in view!
Something hits you.
You are poisoned.
Your scale mail prevents you from hitting something.
You feel sick. Something hits you but does no damage.
You are more poisoned.
You miss something.
You feel sick. Something hits you.
You hit something.
You feel sick.
You hear some strange, mumbled words.
A magic dart appears from out of thin air!
The magic dart hits you!
You hit something.
You feel sick.
You hear some strange, mumbled words.
A puff of flame appears from out of thin air!
The puff of flame hits you! The fire burns you terribly!
* * * LOW HITPOINT WARNING * * *
You closely miss something.
* * * LOW HITPOINT WARNING * * *
You feel sick. Something hits you!
You die...

*,,,,,,,,,,,,,* *,,,,*
***,,,,,,,,.....******#.#*
,,,,,******#....,,,,,,#.#
,,,,,* *....###**,#.#
,,,,,* *,.....# *,#.#
###### ,,,,,* *,,....#
*,#.# #..... ,,,,,*
*,,,...# *,#.# #.###.
,,,,,* **#,#{.###.#.# #.#
#. ,,,,,*
#.#@.....#.####.# #.
,,,,,****
#.#.######....#.###.
,,,,,,,,*
#...........#.#.....
***,,,,,*
###.#######.#.#####.
*,,,,,*******#.#
#.#.......
*,,,,,,,,,,,,#.#
#.#######.
*,,,,,******,#.#
#.......'. *,,,,,* *,#.#
#########. *,,,,,* *,#.#
#.


There were no monsters in sight!

Vanquished Creatures
  2 adders (D:2)
  A dart slug (D:1)
  A leopard gecko (D:1)
  A ball python (D:1)
  A giant cockroach (D:1)
  3 goblins
  6 hobgoblins
  2 jackals (D:2)
  A quokka (D:2)
  4 bats (D:1)
  2 frilled lizards
  3 kobolds
  3 rats
30 creatures vanquished.

Notes
Turn   | Place    | Note
-------+----------+-------------------------------------------
     0 | D:1      | vishdafish the Demonspawn Fighter began the quest for the Orb.
     0 | D:1      | Reached XP level 1. HP: 18/18 MP: 1/1
     0 | D:1      | Noticed a minotaur skeleton
    12 | D:1      | Noticed a minotaur skeleton
   103 | D:1      | Gained mutation: You are partially covered in thin metallic scales. (AC +2) [demonic ancestry]
   103 | D:1      | Reached XP level 2. HP: 19/24 MP: 2/2
   716 | D:2      | Reached XP level 3. HP: 29/29 MP: 3/3
   903 | D:2      | Noticed Sigmund
   912 | D:2      | Mangled by Sigmund

Skill      XL: |  1  2  3 |
---------------+----------+-----
Polearms       | 2 |  2.5
Armour         | 3 |  3.0
Shields        | 3 |  3.0
Fighting       | |  3.3
Dodging        | |  0.8

Action                   || total
-------------------------++-------
Melee: Trident           ||   110
  Use: Scroll            ||     2
Armor: Scale mail        ||    64
Dodge: Dodged            ||    34
Block: Shield            ||    51
